cohdb
Replays
Latest Replays
All Replays
Popular Replays
Top Player Replays
Match Explorer
How It Works
Community
CoH3 Stats
Reddit
Sign in to upload your games and track your stats! →
Sign in with Steam
Match 29444446
Unlisted
Match 29444446
Overview
Messages
Build Orders
End
Pioneer Squad
Construct Infanterie Kompanie
Grenadier Squad
MG 42 Machine Gun Team
Grenadier Squad
Construct Luftwaffe Kompanie
Selects Breakthrough Battlegroup
Selects Assault Grenadiers
221 Scout Car
Flak 30 Anti-aircraft Gun Team
Flak 30 Anti-aircraft Gun Team
Medical Station
Support Elements
Kettenkrad Recon Vehicle
HulkSMASH
⚓️Ruby⚓
FooKilla
Pin0kyo
0
0
Comments
sign in to comment!
No comments posted yet!